Map: Tokamak LE

Players

Percival - Winner!

  • Race: Terran Terran
  • Spawn Location: 1:00

Vindicta

  • Race: Terran Terran
  • League: Master
  • Spawn Location: 7:00

VOD

Have the link to the VOD?

Description

Time

  • Played on: July 29, 2025, 9 p.m.
  • Length: 13:54
Show
View Real Time Build Order
Export as new Build Order

Percival Terran - Winner!

Build Orders:  

Get SALT Encoding   

  12  0:00  SCV  
  13  0:12  SCV  
  14  0:16  Supply Depot  
  14  0:24  SCV  
  15  0:38  SCV  
  15  0:39  Barracks  
  15  0:42  Refinery  
  16  0:50  SCV  
  16  0:54  Refinery  
  17  1:02  SCV  
  18  1:14  SCV  
  19  1:27  Orbital Command, Reaper  
  19  1:28  Supply Depot  
  20  1:42  Factory  
  20  1:55  SCV  
  21  2:01  Reaper  
  21  2:07  SCV  
  23  2:18  Command Center  
  23  2:21  SCV  
  24  2:27  Hellion  
  26  2:33  SCV, Reaper  
  28  2:40  Supply Depot  
  28  2:45  SCV  
  28  2:48  Hellion  
  31  3:00  Starport  
  31  3:02  SCV  
  32  3:07  Barracks Reactor  
  32  3:16  Factory Tech Lab  
  32  3:19  SCV  
  31  3:23  Refinery  
  29  3:31  SCV  
  28  3:35  Cyclone  
  28  3:37  Starport Tech Lab  
  28  3:40  Orbital Command  
  31  3:43  SCV, Marine x2  
  34  3:55  SCV  
  35  3:56  Interference Matrix, Raven  
  35  4:01  Marine x2  
  39  4:06  SCV  
  39  4:07  Cyclone, SCV  
  44  4:12  Supply Depot  
  44  4:18  SCV  
  44  4:19  SCV  
  44  4:20  Marine x2  
  48  4:30  SCV, Raven  
  51  4:31  SCV  
  52  4:42  SCV  
  52  4:44  SCV  
  54  4:46  Siege Tank, Supply Depot  
  54  4:47  Supply Depot  
  57  5:05  Command Center  
  57  5:07  SCV x2  
  56  5:20  SCV x2  
  56  5:21  Viking x2  
  62  5:22  Siege Tank  
  62  5:25  Marine  
  62  5:26  Stimpack  
  66  5:36  SCV x2  
  66  5:38  Refinery  
  66  5:41  Supply Depot  
  68  5:44  Marine  
  68  5:48  SCV x2  
  71  5:51  Liberator  
  71  5:54  Viking  
  76  6:00  SCV x2  
  78  6:04  Marine, Supply Depot  
  78  6:08  Siege Tank  
  82  6:13  SCV x2  
  83  6:23  Barracks, Orbital Command  
  83  6:24  Barracks  
  83  6:25  SCV  
  84  6:27  SCV  
  84  6:29  Marine  
  86  6:34  Viking x2  
  86  6:37  SCV  
  91  6:43  Siege Tank  
  91  6:46  SCV  
  95  6:47  Orbital Command  
  95  6:52  SCV, Engineering Bay x2, Marine  
  97  6:59  SCV  
  95  7:04  SCV  
  81  7:11  SCV, Marine  
  81  7:12  Viking  
  81  7:13  Viking  
  81  7:15  Siege Tank  
  81  7:19  Barracks Reactor x2  
  81  7:20  SCV x2  
  83  7:23  SCV  
  83  7:27  Barracks  
  83  7:28  Barracks  
  84  7:32  SCV x2  
  84  7:35  SCV  
  84  7:36  Marine  
  88  7:38  Supply Depot  
  88  7:40  Refinery, Terran Infantry Armor Level 1, Terran Infantry Weapons Level 1  
  88  7:44  SCV x2, Refinery  
  89  7:47  SCV  
  91  7:51  Supply Depot  
  91  7:53  Marine  
  91  7:56  SCV x2  
  91  7:57  Marine x4  
  98  7:59  SCV  
  98  8:00  Siege Tank  
  98  8:01  Command Center  
  102  8:08  SCV x2, Supply Depot  
  102  8:11  SCV, Marine  
  106  8:13  Medivac  
  106  8:17  Marine x3  
  106  8:18  Marine, Barracks Reactor x2  
  112  8:20  SCV x2  
  112  8:23  SCV  
  115  8:29  Marine  
  115  8:33  Barracks  
  115  8:34  Sensor Tower  
  116  8:35  SCV x3, Marine x4  
  116  8:36  Missile Turret x2  
  116  8:40  Siege Tank  
  112  8:47  SCV x3  
  112  8:48  Barracks Tech Lab  
  101  8:55  Missile Turret  
  101  8:59  SCV x2  
  101  9:00  SCV, Marine x8  
  105  9:07  Armory  
  105  9:11  SCV x2  
  105  9:12  SCV  
  105  9:15  Planetary Fortress  
  108  9:18  Marine x2  
  108  9:20  Combat Shield  
  108  9:21  Sensor Tower  
  108  9:23  Siege Tank  
  113  9:26  Medivac  
  113  9:28  Medivac  
  117  9:35  Marine  
  117  9:36  Marine x7  
  117  9:37  Marine  
  126  9:39  SCV x3  
  129  9:50  Supply Depot x2  
  129  9:51  Supply Depot  
  129  9:52  SCV x3  
  132  9:53  Factory, SCV  
  132  9:58  Siege Tank  
  136  10:03  Terran Infantry Weapons Level 2, Terran Infantry Armor Level 2  
  136  10:09  Terran Vehicle Weapons Level 1  
  136  10:11  Marine x9  
  145  10:17  Supply Depot  
  145  10:18  Supply Depot  
  145  10:28  Marine  
  145  10:29  Marine x7  
  145  10:30  Siege Tank  
  156  10:36  Medivac x2  
  160  10:46  Barracks Reactor  
  160  10:47  Command Center  
  160  10:49  Siege Tank  
  163  10:52  Marine x4, Command Center  
  163  10:54  Marine  
  168  10:57  Marine x2  
  168  10:58  Marine  
  171  11:06  Siege Tank  
  171  11:07  Viking x2  
  178  11:17  SCV x4  
  182  11:19  Refinery, Supply Depot  
  182  11:20  Refinery  
  182  11:22  Supply Depot  
  182  11:24  Siege Tank  
  184  11:38  Siege Tank, Barracks  
  184  11:39  Barracks  
  187  11:41  Barracks, Liberator x2  
  193  11:52  Missile Turret  
  193  11:57  Starport  
  193  11:58  Command Center  
  193  11:59  Starport  
  193  12:09  Orbital Command  
  193  12:12  Command Center  
  193  12:17  Command Center  
  193  12:26  Viking x2  
  197  12:33  Marine x4  
  188  12:49  Viking x2  
  186  12:53  Missile Turret x2  
  186  12:54  Missile Turret  
  87  13:39  Factory  
  87  13:40  Factory  
Show
View Real Time Build Order
Export as new Build Order

Vindicta Terran 

Build Orders:  

Get SALT Encoding   

  12  0:00  SCV  
  13  0:12  SCV  
  14  0:17  Supply Depot  
  14  0:24  SCV  
  15  0:38  SCV  
  15  0:40  Barracks  
  16  0:43  Refinery  
  16  0:50  SCV  
  16  0:53  Refinery  
  17  1:03  SCV  
  18  1:15  SCV  
  19  1:27  Orbital Command, Reaper  
  19  1:31  Supply Depot  
  20  1:42  Factory  
  20  1:53  SCV  
  21  1:59  Reaper  
  22  2:05  SCV  
  23  2:17  SCV  
  24  2:24  Command Center  
  26  2:30  Hellion  
  26  2:31  SCV  
  26  2:34  Barracks Tech Lab  
  27  2:38  Barracks Reactor  
  27  2:43  SCV  
  28  2:50  Starport  
  30  2:51  Widow Mine  
  30  2:55  SCV  
  31  3:04  Supply Depot  
  31  3:13  SCV  
  31  3:17  Factory Tech Lab  
  31  3:25  Marine x2  
  31  3:26  SCV  
  34  3:27  Medivac  
  35  3:37  Siege Tank  
  35  3:38  SCV  
  39  3:43  Marine x2  
  39  3:45  Orbital Command  
  41  3:50  SCV  
  41  3:53  Refinery  
  42  4:01  Marine x2  
  42  4:02  SCV  
  45  4:07  Starport Tech Lab  
  45  4:09  Cyclone  
  48  4:11  SCV  
  48  4:14  SCV  
  48  4:15  Supply Depot  
  50  4:19  Marine  
  50  4:20  Marine  
  53  4:26  Interference Matrix, Raven  
  54  4:36  SCV x2  
  54  4:37  Marine x2  
  58  4:45  Siege Tank  
  61  4:48  SCV  
  61  4:49  Supply Depot  
  62  5:02  Marine  
  62  5:03  SCV  
  62  5:09  Command Center  
  62  5:11  SCV, Marine  
  64  5:17  Siege Tank  
  64  5:18  SCV  
  64  5:20  Marine  
  64  5:21  Raven  
  64  5:23  SCV, Supply Depot  
  67  5:28  Marine  
  67  5:30  SCV, Refinery  
  67  5:35  SCV  
  70  5:38  Barracks  
  70  5:40  Barracks  
  70  5:44  Marine  
  70  5:45  SCV  
  70  5:47  SCV  
  74  5:51  Siege Tank  
  74  5:54  Supply Depot  
  77  5:59  SCV x2  
  78  6:09  Engineering Bay  
  78  6:11  Engineering Bay  
  78  6:15  SCV  
  78  6:16  Starport Reactor  
  78  6:17  Stimpack, Marine  
  80  6:23  SCV  
  77  6:27  Siege Tank, Barracks Reactor  
  77  6:31  SCV  
  81  6:34  Marine  
  81  6:39  Marine x2  
  84  6:40  SCV  
  84  6:43  SCV  
  86  6:52  SCV, Terran Infantry Armor Level 1, Terran Infantry Weapons Level 1, Marine  
  86  6:54  Orbital Command  
  88  6:56  SCV  
  88  6:57  Marine  
  88  7:01  Marine  
  84  7:07  SCV  
  67  7:09  Marine  
  67  7:10  Marine x2  
  67  7:11  SCV  
  67  7:14  Marine  
  69  7:16  Medivac  
  69  7:17  Medivac  
  69  7:19  SCV  
  74  7:23  Marine  
  74  7:25  SCV  
  74  7:27  Marine x2  
  74  7:28  Marine  
  79  7:32  SCV, Marine  
  81  7:41  Marine  
  81  7:43  SCV  
  83  7:45  SCV x2, Marine  
  86  7:51  Medivac x2  
  86  7:52  Supply Depot  
  86  7:57  Combat Shield  
  90  7:59  Marine  
  90  8:01  SCV x2  
  90  8:03  Marine x2  
  90  8:04  Marine  
  97  8:05  Sensor Tower  
  97  8:07  SCV  
  98  8:13  SCV  
  98  8:14  Barracks  
  98  8:16  SCV, Barracks  
  98  8:18  Marine  
  96  8:20  Marine x2  
  96  8:22  Marine  
  96  8:23  Marine  
  99  8:28  SCV  
  98  8:36  Marine  
  98  8:39  Marine  
  87  8:42  Marine  
  87  8:44  Marine  
  87  8:47  SCV  
  87  8:48  SCV  
  86  8:51  Medivac  
  86  8:52  Medivac  
  86  8:54  Marine  
  89  8:57  Marine  
  89  8:58  SCV  
  89  8:59  Marine  
  89  9:00  SCV x2  
  89  9:01  Marine  
  81  9:07  Barracks Reactor x2  
  81  9:10  Marine  
  81  9:12  SCV x2, Marine  
  81  9:15  Marine  
  81  9:16  Sensor Tower x2  
  87  9:17  Armory  
  87  9:18  Marine  
  87  9:19  Marine  
  87  9:21  Siege Tank  
  91  9:28  SCV  
  91  9:30  Marine  
  93  9:33  SCV  
  93  9:34  Marine  
  93  9:35  Missile Turret, Sensor Tower  
  93  9:36  Marine  
  93  9:37  Marine  
  98  9:42  Marine x2  
  101  9:47  Marine x3  
  101  9:48  Liberator  
  101  9:49  Liberator  
  101  9:52  Supply Depot x2  
  108  9:53  Marine  
  108  9:56  Refinery x2  
  109  10:13  Marine x4  
  109  10:14  SCV x2, Marine  
  115  10:15  Marine x2  
  115  10:16  Supply Depot  
  115  10:17  SCV, Supply Depot  
  115  10:19  Siege Tank  
  115  10:20  Marine  
  115  10:21  Marine  
  124  10:26  Terran Infantry Weapons Level 2  
  124  10:27  Terran Infantry Armor Level 2  
  122  10:29  Supply Depot  
  122  10:31  Marine x3  
  122  10:32  Supply Depot  
  122  10:35  SCV, Marine x4  
  129  10:38  Marine x2  
  132  10:49  Marine x3  
  135  10:53  Siege Tank, Marine x4  
  144  10:58  Terran Vehicle Weapons Level 1  
  144  10:59  Medivac  
  144  11:00  Medivac  
  148  11:07  Marine x2  
  148  11:09  Supply Depot  
  148  11:11  Missile Turret, Marine  
  153  11:13  Supply Depot  
  153  11:15  Marine x2  
  153  11:16  Marine x3  
  153  11:17  Marine  
  155  11:25  Siege Tank, Marine x2  
  160  11:28  Marine  
  159  11:32  Marine  
  159  11:33  Medivac x2, Marine x3  
  159  11:34  Marine  
  159  11:35  Marine  
  169  11:42  Marine x2, Supply Depot  
  169  11:46  Marine  
  172  11:50  Marine x2  
  176  11:59  Supply Depot  
  176  12:00  Marine  
  173  12:05  Supply Depot, Command Center  
  173  12:07  Medivac x2, Marine  
  178  12:09  Marine  
  178  12:10  Marine x2  
  178  12:15  Marine x2  
  180  12:19  Marine  
  180  12:20  Supply Depot  
  180  12:21  Siege Tank  
  180  12:23  Marine  
  180  12:24  Marine  
  180  12:25  Marine  
  180  12:27  Marine  
  180  12:28  Marine  
  176  12:33  Marine  
  176  12:34  Marine  
  176  12:41  Marine  
  176  12:42  Marine  
  163  12:47  Marine  
  148  12:55  Marine  
  105  13:03  Siege Tank  
  72  13:08  Marine  
  72  13:15  Marine  
Tags
 
League
Master
Matchup
TvT
Player
Vindicta
Race
Terran
Spawn Locations
Cross Positions
Add a new tag
Caveats
  • Supply blocks, unpowered buildings, or Contaminate may cause inaccurate times.
  • Supply counts are checked every 10 seconds.